TOP OF THE 1ST |
Quincy Doughboys batting - Pitching for Monroe Mallards : RHP Patrick Bland
|
Pitching: RHP Patrick Bland
|
|
Batting: RHB Pedro Zavala
|
0-0: Ball 1-0: Fly out, F7 (Line Drive, 78M)
|
Batting: RHB Rick Holman
|
0-0: Fly out, F5 (Popup, 5S)
|
Batting: RHB Gilberto Bautista
|
0-0: Called Strike 0-1: Called Strike 0-2: Ball 1-2: Foul Ball, location: 2F 1-2: Ball 2-2: Foul Ball, location: 2F 2-2: Foul Ball, location: 2F 2-2: Foul Ball, location: 2F 2-2: Ball 3-2: Fly out, F9 (Flyball, 9LSF)
|
Top of the 1st over - 0 run(s), 0 hit(s), 0 error(s), 0 left on base; Quincy 0 - Monroe 0 |
BOTTOM OF THE 1ST |
Monroe Mallards batting - Pitching for Quincy Doughboys : LHP Tomás Prieto
|
Pitching: LHP Tomás Prieto
|
|
Batting: RHB Stephen Black
|
0-0: Ball 1-0: Swinging Strike 1-1: Ball 2-1: Called Strike 2-2: Strikes out swinging
|
Batting: RHB Dave Sawyer
|
0-0: Ball 1-0: Swinging Strike 1-1: Ball 2-1: Foul Ball, location: 2F 2-2: SINGLE (Line Drive, 78M)
|
Batting: LHB Allen Boyd
|
0-0: Foul Ball, location: 2F 0-1: Ball Dave Sawyer is caught stealing 2nd base 1-1: Ball 2-1: SINGLE (Line Drive, 56D)
|
Batting: RHB Cisco López
|
0-0: Ball 1-0: Called Strike 1-1: Swinging Strike 1-2: Ball 2-2: Strikes out swinging
|
Bottom of the 1st over - 0 run(s), 2 hit(s), 0 error(s), 1 left on base; Quincy 0 - Monroe 0 |
TOP OF THE 2ND |
Quincy Doughboys batting - Pitching for Monroe Mallards : RHP Patrick Bland
|
Batting: LHB José Martínez
|
0-0: Swinging Strike 0-1: Ball 1-1: Ball 2-1: Ball 3-1: Called Strike 3-2: Foul Ball, location: 2F 3-2: Foul Ball, location: 2F 3-2: Ground out 6-3 (Groundball, 6S)
|
Batting: RHB Keith Gamble
|
0-0: Called Strike 0-1: Called Strike 0-2: Ball 1-2: Strikes out swinging
|
Batting: RHB Miguel Martínez
|
0-0: Ground out 6-3 (Groundball, 6)
|
Top of the 2nd over - 0 run(s), 0 hit(s), 0 error(s), 0 left on base; Quincy 0 - Monroe 0 |
BOTTOM OF THE 2ND |
Monroe Mallards batting - Pitching for Quincy Doughboys : LHP To-wai Chen
|
Pitching: LHP To-wai Chen
|
|
Batting: LHB Frank Byrd
|
0-0: Fly out, F4 (Popup, 4D)
|
Batting: LHB Ramón Ortega
|
0-0: Reached on error, E3 (Groundball, 34)
|
Batting: RHB Jorge Vázquez
|
0-0: Ball 1-0: Foul Ball, location: 2F 1-1: Grounds into double play, 4-6-3 (Groundball, 4)
|
Bottom of the 2nd over - 0 run(s), 0 hit(s), 1 error(s), 0 left on base; Quincy 0 - Monroe 0 |
TOP OF THE 3RD |
Quincy Doughboys batting - Pitching for Monroe Mallards : RHP Patrick Bland
|
Batting: RHB Jorge Garza
|
0-0: Ball 1-0: Called Strike 1-1: Ball 2-1: Ball 3-1: Ground out 6-3 (Groundball, 6S)
|
Batting: RHB Gary Stephenson
|
0-0: Called Strike 0-1: Ball 1-1: Fly out, F3 (Popup, 34)
|
Batting: RHB Juan Morales
|
0-0: Ball 1-0: Ball 2-0: Fly out, F5 (Line Drive, 56)
|
Top of the 3rd over - 0 run(s), 0 hit(s), 0 error(s), 0 left on base; Quincy 0 - Monroe 0 |
BOTTOM OF THE 3RD |
Monroe Mallards batting - Pitching for Quincy Doughboys : LHP To-wai Chen
|
Batting: RHB Ricardo López
|
0-0: Called Strike 0-1: Foul Ball, location: 2F 0-2: Foul Ball, location: 2F 0-2: Ground out 5-3 (Groundball, 5)
|
Batting: RHB Héctor Vega
|
0-0: Called Strike 0-1: Ball 1-1: Swinging Strike 1-2: Ball 2-2: Foul Ball, location: 2F 2-2: Foul Ball, location: 2F 2-2: Foul Ball, location: 2F 2-2: Foul Ball, location: 2F 2-2: Strikes out swinging
|
Batting: RHB Stephen Black
|
0-0: Ball 1-0: Fly out, F9 (Line Drive, 9)
|
Bottom of the 3rd over - 0 run(s), 0 hit(s), 0 error(s), 0 left on base; Quincy 0 - Monroe 0 |
TOP OF THE 4TH |
Quincy Doughboys batting - Pitching for Monroe Mallards : RHP Patrick Bland
|
Batting: RHB Pedro Zavala
|
0-0: Called Strike 0-1: Called Strike 0-2: Ball 1-2: Ball 2-2: Ball 3-2: Strikes out swinging
|
Batting: RHB Rick Holman
|
0-0: Swinging Strike 0-1: Ground out 6-3 (Groundball, 6M)
|
Batting: RHB Gilberto Bautista
|
0-0: Ball 1-0: Ball 2-0: Ball 3-0: Base on Balls
|
Batting: LHB José Martínez
|
0-0: Fielders Choice at 2nd, 4-6 (Groundball, 4)
|
Top of the 4th over - 0 run(s), 0 hit(s), 0 error(s), 0 left on base; Quincy 0 - Monroe 0 |
BOTTOM OF THE 4TH |
Monroe Mallards batting - Pitching for Quincy Doughboys : LHP To-wai Chen
|
Batting: RHB Dave Sawyer
|
0-0: Ball 1-0: Ball 2-0: Ball 3-0: Base on Balls
|
Batting: LHB Allen Boyd
|
0-0: Called Strike 0-1: Ball Dave Sawyer is caught stealing 2nd base 1-1: Ball 2-1: SOLO HOME RUN (Flyball, 9LD), Distance : 335 ft
|
Batting: RHB Cisco López
|
0-0: Ball 1-0: Fly out, F4 (Line Drive, 6MD)
|
Batting: LHB Frank Byrd
|
0-0: Ball 1-0: Swinging Strike 1-1: Foul Ball, location: 2F 1-2: Foul Ball, location: 2F 1-2: Ball 2-2: Foul Ball, location: 2F 2-2: Foul Ball, location: 2F 2-2: Ball 3-2: SOLO HOME RUN (Flyball, 9D), Distance : 376 ft
|
Batting: LHB Ramón Ortega
|
0-0: Called Strike 0-1: Called Strike 0-2: Foul Ball, location: 2F 0-2: Ball 1-2: Ball 2-2: Fly out, F5 (Line Drive, 56)
|
Bottom of the 4th over - 2 run(s), 2 hit(s), 0 error(s), 0 left on base; Quincy 0 - Monroe 2 |
TOP OF THE 5TH |
Quincy Doughboys batting - Pitching for Monroe Mallards : RHP Patrick Bland
|
Batting: RHB Keith Gamble
|
0-0: Called Strike 0-1: Foul Ball, location: 2F 0-2: Ball 1-2: Foul Ball, location: 2F 1-2: Foul Ball, location: 2F 1-2: Ball 2-2: Ball 3-2: Fly out, F7 (Line Drive, 7)
|
Batting: RHB Miguel Martínez
|
0-0: Ground out 6-3 (Groundball, 6)
|
Batting: RHB Jorge Garza
|
0-0: Foul Ball, location: 2F 0-1: Ball 1-1: Ball 2-1: Foul Ball, location: 2F 2-2: Fly out, F4 (Popup, 4MD)
|
Top of the 5th over - 0 run(s), 0 hit(s), 0 error(s), 0 left on base; Quincy 0 - Monroe 2 |
BOTTOM OF THE 5TH |
Monroe Mallards batting - Pitching for Quincy Doughboys : LHP To-wai Chen
|
Batting: RHB Jorge Vázquez
|
0-0: Ball 1-0: Called Strike 1-1: Called Strike 1-2: Foul Ball, location: 2F 1-2: Ball 2-2: Strikes out swinging
|
Batting: RHB Ricardo López
|
0-0: Called Strike 0-1: Ball 1-1: Ball 2-1: SINGLE (Line Drive, 6D)
|
Batting: RHB Héctor Vega
|
0-0: Ball 1-0: Foul Ball, location: 2F 1-1: Fly out, F6 (Line Drive, 6M)
|
Batting: RHB Stephen Black
|
0-0: Called Strike 0-1: Ball 1-1: TRIPLE (Groundball, 3L) Ricardo López scores
|
Pitching: RHP Francisco Luna
|
|
Batting: RHB Dave Sawyer
|
0-0: Ground out 6-3 (Groundball, 6)
|
Bottom of the 5th over - 1 run(s), 2 hit(s), 0 error(s), 1 left on base; Quincy 0 - Monroe 3 |
TOP OF THE 6TH |
Quincy Doughboys batting - Pitching for Monroe Mallards : RHP Patrick Bland
|
Batting: RHB Gary Stephenson
|
0-0: Called Strike 0-1: Ball 1-1: Foul Ball, location: 2F 1-2: Foul Ball, location: 2F 1-2: Foul Ball, location: 2F 1-2: Foul Ball, location: 2F 1-2: Ball 2-2: Fly out, F4 (Line Drive, 4)
|
Batting: RHB Juan Morales
|
0-0: Called Strike 0-1: Ball 1-1: SINGLE (Groundball, 4D)
|
Batting: RHB Pedro Zavala
|
0-0: Swinging Strike 0-1: Foul Ball, location: 2F 0-2: Ball 1-2: Foul Ball, location: 2F 1-2: Ball 2-2: SINGLE (Groundball, 6MD) Juan Morales to second
|
Pitching: RHP Mark Thompson
|
|
Batting: RHB Rick Holman
|
0-0: Ball 1-0: Foul Ball, location: 2F 1-1: Called Strike 1-2: Ball 2-2: Strikes out swinging
|
Batting: RHB Gilberto Bautista
|
0-0: Ball 1-0: Ball 2-0: Ball 3-0: Called Strike 3-1: Fly out, F8 (Flyball, 89D)
|
Top of the 6th over - 0 run(s), 2 hit(s), 0 error(s), 2 left on base; Quincy 0 - Monroe 3 |
BOTTOM OF THE 6TH |
Monroe Mallards batting - Pitching for Quincy Doughboys : RHP Francisco Luna
|
Batting: LHB Allen Boyd
|
0-0: Swinging Strike 0-1: Ball 1-1: Ball 2-1: Ball 3-1: Swinging Strike 3-2: Foul Ball, location: 2F 3-2: Fly out, F7 (Flyball, 78S)
|
Batting: RHB Cisco López
|
0-0: Ball 1-0: Swinging Strike 1-1: Ball 2-1: SINGLE (Line Drive, 56)
|
Batting: LHB Frank Byrd
|
0-0: Ball 1-0: Ball 2-0: DOUBLE (Flyball, 7LM) Cisco López to third Throwing error, E7 Cisco López scores Frank Byrd to third
|
Batting: LHB Ramón Ortega
|
0-0: Fly out, F8 (Flyball, 8RM) Runner from 3rd tags up, SCORES, throw made
|
Batting: RHB Jorge Vázquez
|
0-0: Ground out 6-3 (Groundball, 6S)
|
Bottom of the 6th over - 2 run(s), 2 hit(s), 1 error(s), 0 left on base; Quincy 0 - Monroe 5 |
TOP OF THE 7TH |
Quincy Doughboys batting - Pitching for Monroe Mallards : RHP Mark Thompson
|
Batting: LHB José Martínez
|
0-0: DOUBLE (Line Drive, 89XD)
|
Batting: RHB Keith Gamble
|
0-0: Ball 1-0: Ball 2-0: Ball 3-0: Base on Balls
|
Batting: RHB Miguel Martínez
|
0-0: Fielders Choice at 2nd, 6-4 (Groundball, 6M) José Martínez to third
|
Batting: RHB Jorge Garza
|
0-0: Called Strike 0-1: Ball Miguel Martínez steals 2nd base 1-1: Swinging Strike 1-2: Foul Ball, location: 2F 1-2: Ball 2-2: Ball 3-2: Foul Ball, location: 2F 3-2: Strikes out looking
|
Batting: RHB Gary Stephenson
|
0-0: Ball 1-0: Ball 2-0: Ball 3-0: Called Strike 3-1: Foul Ball, location: 2F 3-2: Fly out, F8 (Flyball, 8LM)
|
Top of the 7th over - 0 run(s), 1 hit(s), 0 error(s), 2 left on base; Quincy 0 - Monroe 5 |
BOTTOM OF THE 7TH |
Monroe Mallards batting - Pitching for Quincy Doughboys : RHP Francisco Luna
|
Pitching: RHP Fernando Vázquez
|
|
Batting: RHB Ricardo López
|
0-0: Ball 1-0: Called Strike 1-1: Foul Ball, location: 2F 1-2: Foul Ball, location: 2F 1-2: Ball 2-2: Ball 3-2: Fly out, F8 (Flyball, 78D)
|
Batting: RHB Héctor Vega
|
0-0: Called Strike 0-1: Hit by Pitch
|
Batting: RHB Stephen Black
|
0-0: Called Strike Héctor Vega steals 2nd base 0-1: Fly out, F6 (Line Drive, 6)
|
Batting: RHB Dave Sawyer
|
0-0: Foul Ball, location: 2F 0-1: Ball 1-1: Called Strike 1-2: Ball 2-2: Ball 3-2: Fly out, F6 (Popup, 6)
|
Bottom of the 7th over - 0 run(s), 0 hit(s), 0 error(s), 1 left on base; Quincy 0 - Monroe 5 |
TOP OF THE 8TH |
Quincy Doughboys batting - Pitching for Monroe Mallards : RHP Mark Thompson
|
Now at 3B: Roberto Sánchez
|
|
Batting: RHB Juan Morales
|
0-0: Called Strike 0-1: Ground out 5-3 (Groundball, 56)
|
Batting: RHB Pedro Zavala
|
0-0: Ball 1-0: Ball 2-0: Ball 3-0: Called Strike 3-1: Swinging Strike 3-2: Strikes out swinging
|
Batting: RHB Rick Holman
|
0-0: Ball 1-0: Swinging Strike 1-1: Called Strike 1-2: Ball 2-2: Ball 3-2: Strikes out looking
|
Top of the 8th over - 0 run(s), 0 hit(s), 0 error(s), 0 left on base; Quincy 0 - Monroe 5 |
BOTTOM OF THE 8TH |
Monroe Mallards batting - Pitching for Quincy Doughboys : RHP Fernando Vázquez
|
Batting: LHB Allen Boyd
|
0-0: Swinging Strike 0-1: Swinging Strike 0-2: Strikes out looking
|
Batting: RHB Cisco López
|
0-0: Ball 1-0: Swinging Strike 1-1: Fly out, F8 (Flyball, 8RM)
|
Batting: LHB Frank Byrd
|
0-0: Called Strike 0-1: Ball 1-1: Called Strike 1-2: Foul Ball, location: 2F 1-2: Ball 2-2: Fly out, F8 (Flyball, 8LM)
|
Bottom of the 8th over - 0 run(s), 0 hit(s), 0 error(s), 0 left on base; Quincy 0 - Monroe 5 |
TOP OF THE 9TH |
Quincy Doughboys batting - Pitching for Monroe Mallards : RHP Mark Thompson
|
Pitching: RHP Tommy Winchester
|
|
Batting: RHB Gilberto Bautista
|
0-0: Called Strike 0-1: Ball 1-1: Ball 2-1: Ball 3-1: Foul Ball, location: 2F 3-2: Base on Balls
|
Batting: LHB José Martínez
|
0-0: Foul Ball, location: 2F 0-1: Swinging Strike 0-2: Ball 1-2: Fly out, F8 (Flyball, 8LS)
|
Batting: RHB Keith Gamble
|
0-0: Ball 1-0: Ball 2-0: Foul Ball, location: 2F 2-1: Called Strike 2-2: Fly out, F8 (Flyball, 8RM)
|
Batting: RHB Miguel Martínez
|
Pickoff Throw to First - Error! E1 Gilberto Bautista to second 0-0: Called Strike 0-1: Swinging Strike 0-2: Foul Ball, location: 2F 0-2: Ball 1-2: Foul Ball, location: 2F 1-2: Foul Ball, location: 2F 1-2: Ball 2-2: Fly out, F8 (Flyball, 8LM)
|
Top of the 9th over - 0 run(s), 0 hit(s), 1 error(s), 1 left on base; Quincy 0 - Monroe 5 |
|